Map: Ulrena

Players

zidar - Winner!

  • Race: Zerg Zerg
  • League: Gold
  • Spawn Location: 11:00

schrecken

  • Race: Protoss Protoss
  • League: Silver
  • Spawn Location: 7:00

VOD

Have the link to the VOD?

Description

Time

  • Played on: June 9, 2016, 11:13 a.m.
  • Length: 15:32
Show
View Real Time Build Order
Export as new Build Order

zidar Zerg - Winner!

Build Orders: Pool First, Lurkers 

Get SALT Encoding   

  12  0:01  Drone  
  13  0:12  Overlord  
  13  0:17  Drone  
  14  0:30  Drone x2  
  16  0:44  Spawning Pool  
  16  0:47  Drone  
  16  0:51  Drone  
  17  1:15  Hatchery  
  16  1:21  Extractor, Drone  
  16  1:22  Drone  
  17  1:26  Drone  
  18  1:37  Queen  
  20  1:42  Drone  
  21  1:49  Overlord  
  21  2:01  Drone  
  22  2:10  Drone  
  22  2:12  Queen  
  25  2:31  Drone x3  
  27  2:44  Drone x2  
  27  2:46  Metabolic Boost  
  29  3:02  Roach Warren  
  28  3:06  Zergling x2  
  28  3:07  Zergling x8  
  33  3:21  Overlord  
  33  3:23  Zergling x6  
  36  3:46  Lair  
  36  3:49  Drone x7  
  43  4:02  Drone  
  44  4:06  Overlord x5  
  36  4:39  Pneumatized Carapace  
  36  4:42  Extractor  
  36  4:45  Extractor  
  34  4:49  Drone x6  
  34  4:52  Hatchery  
  39  5:00  Hydralisk Den  
  39  5:01  Extractor  
  37  5:32  Overlord  
  37  5:33  Hydralisk x2  
  37  5:34  Hydralisk x5  
  51  5:45  Muscular Augments  
  51  5:59  Evolution Chamber  
  50  6:17  Roach  
  50  6:18  Roach x11, Hydralisk  
  76  6:30  Evolution Chamber  
  76  6:31  Queen  
  77  6:42  Zerg Melee Weapons Level 1  
  77  6:51  Zergling x2  
  77  6:52  Zergling x14  
  85  6:57  Zerg Missile Weapons Level 1  
  85  7:09  Ravager  
  85  7:10  Ravager x2  
  88  7:33  Drone x9  
  97  7:41  Lurker Den  
  97  7:48  Overlord x2  
  97  7:52  Overseer  
  97  8:29  Extractor  
  97  8:31  Extractor  
  97  8:33  Drone x6  
  101  8:36  Drone x9  
  101  8:39  Drone x3  
  113  8:51  Zerg Melee Weapons Level 2  
  113  8:53  Infestation Pit  
  112  8:57  Zerg Ground Armor Level 1  
  112  9:00  Zergling x2  
  113  9:03  Overlord x2  
  113  9:04  Overlord x2  
  113  9:24  Drone x11  
  124  9:31  Lurker  
  124  9:32  Lurker x2  
  124  9:34  Hydralisk x5  
  137  9:56  Zergling x2  
  137  9:57  Zergling x14  
  145  10:00  Overlord  
  145  10:01  Overlord x3  
  145  10:05  Hive  
  125  10:36  Zergling x16, Hydralisk x3  
  125  10:37  Hydralisk x5  
  144  11:29  Hatchery  
  144  11:32  Zergling x22  
  154  11:36  Hatchery  
  153  11:48  Lurker x2  
  153  11:49  Lurker x2  
  157  11:59  Zerg Ground Armor Level 2  
  157  12:00  Zerg Melee Weapons Level 3  
  157  12:04  Ultralisk Cavern  
  156  12:14  Overlord x3  
  102  13:08  Ultralisk x2  
  102  13:09  Ultralisk x3  
  102  13:10  Ultralisk  
  138  13:13  Chitinous Plating  
  138  13:20  Hydralisk  
  138  13:21  Hydralisk x15  
  170  14:34  Spire  
  169  14:41  Extractor  
  168  14:46  Extractor  
Show
View Real Time Build Order
Export as new Build Order

schrecken Protoss 

Build Orders:  

Get SALT Encoding   

  12  0:01  Probe (Chrono Boost)  
  13  0:16  Pylon  
  13  0:19  Probe (Chrono Boost)  
  14  0:35  Gateway  
  14  0:36  Probe (Chrono Boost)  
  15  0:47  Probe (Chrono Boost), Assimilator  
  16  0:54  Assimilator  
  16  1:08  Pylon  
  16  1:27  Cybernetics Core  
  16  1:30  Gateway  
  16  1:33  Probe (Chrono Boost)  
  17  1:44  Probe (Chrono Boost)  
  18  1:54  Probe (Chrono Boost)  
  19  2:04  Adept (Chrono Boost)  
  19  2:05  Probe, Warp Gate (Chrono Boost)  
  22  2:17  Probe  
  22  2:18  Adept (Chrono Boost)  
  25  2:29  Probe  
  26  2:38  Sentry  
  28  2:46  Pylon  
  28  2:52  Robotics Facility  
  28  2:55  Pylon  
  28  3:08  Mothership Core  
  30  3:29  Nexus, Probe  
  31  3:38  Pylon  
  31  3:48  Pylon  
  31  3:56  Warp Prism (Chrono Boost)  
  31  4:02  Sentry  
  35  4:05  Probe  
  34  4:17  Probe  
  34  4:22  Gateway  
  31  4:29  Probe (Chrono Boost)  
  32  4:33  Adept x2  
  36  4:46  Gateway  
  36  4:55  Probe (Chrono Boost)  
  37  5:01  Sentry x2, Gateway  
  41  5:14  Pylon  
  41  5:19  Stalker  
  43  5:24  Adept  
  43  5:27  Probe (Chrono Boost), Pylon  
  46  5:36  Stalker  
  48  5:43  Adept  
  50  5:50  Probe (Chrono Boost)  
  51  5:57  Sentry x2  
  51  5:58  Sentry  
  51  5:59  Assimilator  
  51  6:02  Assimilator  
  57  6:12  Immortal (Chrono Boost)  
  57  6:18  Adept  
  63  6:19  Probe  
  64  6:30  Adept x2  
  68  6:35  Probe (Chrono Boost)  
  68  6:36  Probe (Chrono Boost)  
  70  6:47  Probe x2 (Chrono Boost)  
  72  6:50  Robotics Bay  
  72  6:52  Pylon  
  72  7:03  Probe x2 (Chrono Boost)  
  74  7:13  Probe (Chrono Boost)  
  74  7:14  Probe (Chrono Boost), Pylon  
  76  7:24  Probe x2 (Chrono Boost)  
  78  7:30  Adept  
  78  7:31  Adept x4  
  88  7:47  Probe (Chrono Boost)  
  88  7:50  Nexus  
  89  7:54  Disruptor (Chrono Boost)  
  92  8:00  Pylon  
  92  8:07  Stalker  
  92  8:08  Stalker  
  96  8:12  Pylon  
  96  8:14  Probe  
  96  8:19  Pylon  
  97  8:29  Disruptor (Chrono Boost)  
  100  8:35  Stalker  
  100  8:37  Adept  
  104  8:42  Pylon  
  104  8:47  Forge  
  104  8:49  Adept  
  104  8:55  Probe  
  107  8:57  Assimilator  
  107  9:01  Disruptor (Chrono Boost)  
  110  9:10  Adept x2  
  110  9:13  Assimilator  
  114  9:21  Protoss Ground Weapons Level 1 (Chrono Boost)  
  114  9:23  Probe  
  114  9:24  Probe, Forge  
  116  9:30  Probe  
  116  9:35  Probe, Pylon  
  116  9:36  Probe  
  119  9:45  Twilight Council  
  119  9:53  Zealot x3  
  119  9:59  Pylon  
  125  10:00  Protoss Ground Armor Level 1 (Chrono Boost)  
  125  10:08  Pylon  
  125  10:19  Stalker x2  
  129  10:31  Stalker x2  
  129  10:32  Stalker  
  129  10:35  Probe  
  136  10:39  Resonating Glaives  
  136  10:46  Probe, Templar Archives  
  136  10:47  Probe  
  136  10:48  Pylon  
  136  10:49  Probe, Pylon  
  137  10:59  Probe x2  
  137  11:00  Zealot x2  
  143  11:07  Disruptor  
  146  11:20  Adept x2  
  150  11:27  Psionic Storm, High Templar  
  150  11:28  High Templar x2  
  150  11:30  Protoss Ground Weapons Level 2 (Chrono Boost)  
  156  11:39  Photon Cannon  
  156  11:43  Gateway  
  156  11:44  High Templar x2  
  156  11:46  Archon  
  160  11:48  Archon  
  160  11:52  Gateway  
  160  12:03  Nexus  
  160  12:07  Observer, Pylon  
  160  12:10  Pylon  
  160  12:12  Pylon  
  160  12:15  Assimilator, Protoss Ground Armor Level 2 (Chrono Boost)  
  161  12:17  Probe  
  161  12:19  Assimilator  
  162  12:23  Pylon  
  162  12:25  Observer  
  162  12:27  Pylon  
  132  12:35  Adept x3  
  132  12:36  Adept x2  
  105  12:44  Observer  
  105  12:47  Photon Cannon  
  100  12:57  Mothership Core  
  102  13:00  Adept x3  
  102  13:01  Adept x2  
  113  13:08  Disruptor  
  113  13:16  Gateway  
  113  13:18  Gateway, Probe  
  116  13:21  Photon Cannon  
  116  13:28  High Templar x3  
  116  13:29  High Templar  
  116  13:30  Adept  
  116  13:31  Adept  
  116  13:33  Archon x2  
  128  13:43  Probe, Disruptor  
  128  13:44  Probe  
  128  13:45  Pylon  
  128  13:47  Extended Thermal Lance (Chrono Boost)  
  133  13:53  Robotics Facility  
  133  13:56  Gateway  
  133  13:58  Gateway  
  133  14:00  Probe x2  
  135  14:05  Adept x5  
  145  14:10  High Templar  
  147  14:23  Probe, Gateway  
  148  14:26  Photon Cannon  
  148  14:27  High Templar  
  148  14:28  Photon Cannon  
  150  14:38  High Templar, Pylon  
  150  14:41  Archon  
  150  14:43  Zealot x3  
  150  14:44  Zealot x2  
  94  15:02  Zealot x2  
  94  15:03  Zealot  
  94  15:04  Zealot x4  
  94  15:05  Zealot  
  86  15:12  Zealot  
  76  15:22  Zealot x2  
  76  15:25  Zealot x2  
Tags
 
Composition
Lurkers
Matchup
PvZ
Opening
Pool First
Spawn Locations
Close Positions
Add a new tag
Caveats
  • Supply blocks, unpowered buildings, or Contaminate may cause inaccurate times.
  • Supply counts are checked every 10 seconds.